 Dungeon Crawl Stone Soup version 0.30.0-19-g36f170ea60 (webtiles) character file.

Game seed: 17939556325909627979

819 booth the Chopper (level 7, -7/41 (56) HPs)
             Began as a Gnoll Reaver on May 31, 2023.
             Was an Initiate of Okawaru.
             Killed by divine providence
             ... invoked by an orc priest
              (12 damage)
             ... on level 5 of the Dungeon.
             The game lasted 00:29:33 (5459 turns).

booth the Chopper (Gnoll Reaver)                    Turns: 5459, Time: 00:29:34

HP:   -7/41 (56)    AC:  4    Str: 14    XL:     7   Next: 95%
MP:   15/15         EV: 13    Int: 12    God:    Okawaru [......]
Gold: 265           SH:  0    Dex: 10    Spells: 10/17 levels left

rFire   . . .        a - +2 hand axe
rCold   . . .        (no shield)
rNeg    . . .        b - +1 leather armour
rPois   .            (no helmet)
rElec   .            (no cloak)
rCorr   .            (no gloves)
SInv    .            (no boots)
Will    .....        (no amulet)
Stlth   ++           (no ring)
HPRegen 0.26/turn    (no ring)
MPRegen 0.14/turn

%: no passive effects
@: very heavily drained
A: fangs 1, strong nose, distributed training
a: Renounce Religion


You were on level 5 of the Dungeon.
You worshipped Okawaru.
Okawaru was noncommittal.
You visited 2 branches of the dungeon, and saw 6 of its levels.
You also visited: Ossuary.

You collected 265 gold pieces.

Inventory:

Hand Weapons
 a - a +2 hand axe (weapon)
 j - a +2 dagger of venom
 v - a +0 war axe
Missiles
 h - 13 poisoned darts (quivered)
 i - 3 boomerangs
Armour
 b - a +1 leather armour (worn)
 u - a +2 chain mail of cold resistance
Magical Staves
 m - a staff of air
 n - a staff of death
Wands
 z - a wand of paralysis (1)
Scrolls
 g - 2 scrolls of magic mapping
 l - 2 scrolls of fog
 p - a scroll of amnesia
Potions
 c - a potion of invisibility
 d - 2 potions of brilliance
 e - 3 potions of haste
 f - 2 potions of mutation
 k - a potion of ambrosia
 o - a potion of might
 q - a potion of lignification
 r - a potion of curing
 t - a potion of cancellation


   Skills:
 + Level 5.4 Fighting
 + Level 2.9 Short Blades
 + Level 2.9 Long Blades
 + Level 7.2 Axes
 + Level 2.9 Maces & Flails
 + Level 2.9 Polearms
 + Level 2.9 Staves
 + Level 2.9 Ranged Weapons
 + Level 2.9 Throwing
 + Level 2.9 Armour
 + Level 5.4 Dodging
 + Level 2.9 Stealth
 + Level 2.9 Shields
 + Level 2.9 Unarmed Combat
 + Level 5.8 Spellcasting
 + Level 6.0 Conjurations
 + Level 2.3 Hexes
 + Level 2.3 Summonings
 + Level 2.3 Necromancy
 + Level 2.3 Translocations
 + Level 2.3 Transmutations
 + Level 2.3 Fire Magic
 + Level 2.3 Ice Magic
 + Level 2.3 Air Magic
 + Level 2.3 Earth Magic
 + Level 2.3 Poison Magic
 + Level 3.2 Invocations
 + Level 2.9 Evocations


You had 10 spell levels left.
You knew the following spells:

 Your Spells              Type           Power      Damage    Failure   Level
a - Kiss of Death         Conj/Necr      52%        2d9       4%          1
b - Momentum Strike       Conj/Tloc      26%        3d8       6%          2
c - Hailstorm             Conj/Ice       13%        3d5       12%         3
d - Shock                 Conj/Air       52%        1d6       4%          1

Your spell library contained the following spells:

 Spells                   Type           Power      Damage    Failure   Level
 Gell's Gravitas          Tloc           9%         N/A       26%         3
 Swiftness                Air            9%         N/A       26%         3
 Teleport Other           Tloc           9%         N/A       26%         3
 Airstrike                Air            4%         2d(1-17)  63%         4
 Dispersal                Tloc           4%         N/A       100%        6


Dungeon Overview and Level Annotations

Branches:
Dungeon (5/15)             Temple (1/1) D:4         Ossuary (visited)

Altars:
Cheibriados
Elyvilon
Fedhas
Gozag
Hepliaklqana
Kikubaaqudgha
Makhleb
Nemelex Xobeh
Okawaru
Qazlal
Ru
Sif Muna
Trog
Uskayaw
Vehumet
Wu Jian
Xom
Zin
The Shining One


Innate Abilities, Weirdness & Mutations

You have very sharp teeth.
Your uncanny sense of smell can sniff out nearby items.
Your experience applies equally to all skills.


Message History

An orc wizard and an orc come into view.
An orc priest comes into view. It is wielding a +0 hand axe.
The orc shouts!
The orc priest shouts!
The orc wizard shouts!
The orc priest calls down the wrath of Beogh upon you.
Pain shoots through your body!
The orc wizard gestures at you while chanting.
The puff of flame hits you!
The orc wizard gestures at you while chanting.
You resist with some effort.
The orc priest hits you with a +0 hand axe!
A quokka comes into view.
You closely miss the orc priest. You barely miss the orc priest.
The orc priest closely misses you.
The orc priest begins to cast a cantrip, but forgets the words!
You hit the orc priest but do no damage.
Your bite misses the orc priest. You hit the orc priest.
The orc priest hits you but does no damage.
You hit the orc priest but do no damage.
You hit the orc priest. You hit the orc but do no damage.
The orc priest barely misses you. The orc hits you but does no damage.
The orc priest closely misses you.
The orc wizard casts a spell.
The orc wizard flickers and vanishes!
Deactivating autopickup; reactivate with Ctrl-A.
You hit the orc priest.
The orc priest is lightly wounded.
You hit the orc. You closely miss the orc priest.
The orc priest hits you with a +0 hand axe.
The orc closely misses you.
The orc priest invokes the aid of Beogh against you.
Pain shoots through your body!
* * * LOW HITPOINT WARNING * * *
Blink to where?
Press: ? - help, Dir - move target
As you read the scroll of blinking, it crumbles to dust.
The orc priest calls upon Beogh to heal the orc priest.
The orc priest's wounds heal themselves!
The orc priest mumbles some strange prayers to Beogh against you.
Beogh smites you!
You die...

#.# #### .# ######.# ..#
.# #......# ##.## #.#
#.####.#
#<.##.##.###.####.#
#..##.#...#.....#.# ###
#..# .......†##.(.#
....##..####.####.##.###
..............@......####
###.#....###.#.##.......#
# #......#.#?##########
#.....##.#.# #........#o#
#.##..#...oo..# #.
#......{r....# ..
...#..#....#.# ...
.........#.# #


You could see 2 orc priests, an orc and a quokka.

Vanquished Creatures
  Sigmund (D:4)
  A wraith (Ossuary)
  A scorpion (D:4)
  2 water moccasin zombies (Ossuary)
  2 centaur zombies (Ossuary)
  A bullfrog zombie (Ossuary)
  A jelly (D:4)
  A human zombie (Ossuary)
  Ijyb (D:4)
  An ogre zombie (Ossuary)
  A mummy (D:4)
  2 adders
  3 adder zombies (Ossuary)
  5 dart slugs
  3 orcs (D:4)
  8 ball pythons
  3 bats
  7 endoplasms
  4 giant cockroaches
  3 gnoll zombies (Ossuary)
  8 goblins
  9 hobgoblins
  7 jackals
  2 quokkas
  A frilled lizard (D:1)
  2 goblin zombies (Ossuary)
  4 hobgoblin zombies
  6 kobolds
  2 kobold zombies (D:4)
  3 orc zombies
  3 rats
98 creatures vanquished.

Notes
Turn   | Place    | Note
-------+----------+-------------------------------------------
     0 | D:1      | booth the Gnoll Reaver began the quest for the Orb.
     0 | D:1      | Reached XP level 1. HP: 20/20 MP: 6/6
   254 | D:1      | Found a faded altar of an unknown god.
   376 | D:1      | Reached XP level 2. HP: 23/26 MP: 7/7
   390 | D:1      | Learned a level 2 spell: Momentum Strike
   843 | D:1      | Reached skill level 5 in Spellcasting
   843 | D:1      | Reached XP level 3. HP: 31/31 MP: 7/9
   847 | D:1      | Learned a level 3 spell: Hailstorm
   923 | D:2      | Reached skill level 1 in Invocations
  1155 | D:2      | Reached skill level 1 in Short Blades
  1155 | D:2      | Reached skill level 1 in Long Blades
  1155 | D:2      | Reached skill level 1 in Maces & Flails
  1155 | D:2      | Reached skill level 1 in Polearms
  1155 | D:2      | Reached skill level 1 in Staves
  1155 | D:2      | Reached skill level 1 in Ranged Weapons
  1155 | D:2      | Reached skill level 1 in Throwing
  1155 | D:2      | Reached skill level 1 in Armour
  1155 | D:2      | Reached skill level 1 in Stealth
  1155 | D:2      | Reached skill level 1 in Shields
  1155 | D:2      | Reached skill level 1 in Unarmed Combat
  1155 | D:2      | Reached skill level 1 in Evocations
  1286 | D:2      | Reached XP level 4. HP: 37/38 MP: 11/11
  1825 | D:3      | Learned a level 1 spell: Shock
  2624 | D:4      | Found a sand-covered staircase.
  2635 | Ossuary  | Entered an ossuary
  2647 | Ossuary  | Reached skill level 1 in Hexes
  2647 | Ossuary  | Reached skill level 1 in Summonings
  2647 | Ossuary  | Reached skill level 1 in Necromancy
  2647 | Ossuary  | Reached skill level 1 in Translocations
  2647 | Ossuary  | Reached skill level 1 in Transmutations
  2647 | Ossuary  | Reached skill level 1 in Fire Magic
  2647 | Ossuary  | Reached skill level 1 in Ice Magic
  2647 | Ossuary  | Reached skill level 1 in Air Magic
  2647 | Ossuary  | Reached skill level 1 in Earth Magic
  2647 | Ossuary  | Reached skill level 1 in Poison Magic
  2849 | Ossuary  | Reached XP level 5. HP: 18/43 MP: 12/12
  3168 | Ossuary  | Reached skill level 5 in Fighting
  3168 | Ossuary  | Reached skill level 5 in Dodging
  3168 | Ossuary  | Reached XP level 6. HP: 12/51 MP: 14/14
  3449 | Ossuary  | Noticed a wraith
  3478 | Ossuary  | Killed a wraith
  3479 | Ossuary  | Reached skill level 7 in Axes
  3479 | Ossuary  | Reached XP level 7. HP: 26/56 MP: 11/15
  3583 | Ossuary  | Noticed a silent spectre
  3747 | D:4      | Noticed Sigmund
  3754 | D:4      | Killed Sigmund
  4061 | D:4      | HP: 1/52 [kobold/+0 whip (5)]
  4480 | D:4      | Found a staircase to the Ecumenical Temple.
  4495 | Temple   | Entered the Ecumenical Temple
  4628 | Temple   | Became a worshipper of Warmaster Okawaru
  4905 | D:4      | Noticed Ijyb
  4905 | D:4      | Paralysed by Ijyb for 2 turns
  4914 | D:4      | Paralysed by Ijyb for 4 turns
  4922 | D:4      | Killed Ijyb
  5080 | D:4      | Found a glowing golden altar of the Shining One.
  5389 | D:5      | Entered Level 5 of the Dungeon
  5459 | D:5      | Killed from afar by an orc priest

Illustrated notes

Levels and vault maps discovered:
D:1:      dpeg_arrival_line_fractal, layout_basic,
          hellmonk_ecumenical_altar_run_dry, minmay_crystal_room, st_stairs_2
D:2:      layout_loops_ring
D:3:      layout_loops_ring
D:4:      layout_loops_corners, lemuel_doored_altar, minmay_temple_entry_mist,
          nicolae_ossuary_entry_monument, nrook_mini_backslash,
          roderic_roman_lattice, chequers_serial_rivers_micro_c,
          minmay_mini_ossuary, uniq_sigmund, uniq_ijyb
D:5:      layout_basic
Temple:   regret_index_temple_mists

Skill      XL: |  1  2  3  4  5  6  7 |
---------------+----------------------+-----
Spellcasting   | 5 |  5.8
Invocations    | 1 2 3 |  3.2
Short Blades   | 1 2 |  2.9
Long Blades    | 1 2 |  2.9
Maces & Flails | 1 2 |  2.9
Polearms       | 1 2 |  2.9
Staves         | 1 2 |  2.9
Ranged Weapons | 1 2 |  2.9
Throwing       | 1 2 |  2.9
Armour         | 1 2 |  2.9
Stealth        | 1 2 |  2.9
Shields        | 1 2 |  2.9
Unarmed Combat | 1 2 |  2.9
Evocations     | 1 2 |  2.9
Hexes          | 1 2 |  2.3
Summonings     | 1 2 |  2.3
Necromancy     | 1 2 |  2.3
Translocations | 1 2 |  2.3
Transmutations | 1 2 |  2.3
Fire Magic     | 1 2 |  2.3
Ice Magic      | 1 2 |  2.3
Air Magic      | 1 2 |  2.3
Earth Magic    | 1 2 |  2.3
Poison Magic   | 1 2 |  2.3
Fighting       | 5 |  5.4
Dodging        | 5 |  5.4
Axes           | 7 |  7.2
Conjurations   | 6 |  6.0

Action                     |  1- 3 |  4- 6 |  7- 9 || total
---------------------------+-------+-------+-------++-------
  Melee: Hand axe          |    98 |   186 |    85 ||   369
         Bite              |     8 |    18 |     8 ||    34
         Punch             |       |     3 |     1 ||     4
   Cast: Momentum Strike   |     1 |     2 |     2 ||     5
         Kiss of Death     |       |       |     4 ||     4
    Use: Scroll            |     4 |     1 |    15 ||    20
         Potion            |       |     5 |     2 ||     7
   Stab: Sleeping          |       |       |     2 ||     2
 Armour: Leather armour    |    31 |    51 |    10 ||    92
  Dodge: Dodged            |    37 |   106 |    41 ||   184
